AoeStats
← KEX

Black Forest

507245978Analyzed
2v2 RM · 16d ago on Sep 17, 2026· 80m 29s· 4 players
Game mode
Random Map
Map size
Medium (4 player)
Population
200
Speed
Normal
Resources
Standard
Victory
Conquest
Starting age
Dark Age
Ending age
Imperial Age
RankedLock teamsTeams togetherTeam positionsShared explorationLock speedFull tech treeHidden civsTurbo modeCheats
Victory
Defeat
🇺🇸 Japanese · United States
645
+18
🇲🇽 Britons · Mexico
608
+19
🇵🇱 Japanese · Poland
692
-19
🇹🇷 Byzantines · Türkiye
671
-18
Cypress Fever
0:29 Loom
17:37 Feudal Age
18:36 Horse Collar
18:49 Double-Bit Axe
21:31 Wheelbarrow
24:20 Castle Age
23:25 Gold Mining
23:25 Stone Mining
27:51 Hand Cart
27:40 Heavy Plow
27:53 Bow Saw
37:37 Imperial Age
36:11 Gold Shaft Mining
37:52 Elite Samurai
38:34 Yasama
38:48 Forging
38:38 Scale Mail Armor
38:39 Padded Archer Armor
38:30 Fletching
39:00 Fortified Wall
39:10 Ballistics
38:32 Treadmill Crane
39:53 Chemistry
39:00 Man-at-Arms
39:02 Pikeman
39:28 Gambesons
39:44 Squires
39:29 Arson
40:45 Iron Casting
40:25 Chain Mail Armor
39:43 Long Swordsman
39:45 Halberdier
44:02 Two-Man Saw
44:15 Blast Furnace
43:30 Leather Archer Armor
43:11 Bodkin Arrow
44:07 Two-Handed Swordsman
46:21 Plate Mail Armor
45:19 Elite Skirmisher
46:06 Thumb Ring
52:29 Champion
56:40 Crossbowman
62:25 Onager
62:51 Arbalester
Tosko9760
0:30 Loom
14:19 Feudal Age
14:48 Double-Bit Axe
18:08 Wheelbarrow
17:19 Town Watch
18:04 Horse Collar
18:58 Gold Mining
27:37 Castle Age
29:22 Gold Shaft Mining
28:38 Stone Mining
28:57 Heavy Plow
29:09 Bow Saw
29:53 Hand Cart
32:21 Treadmill Crane
32:37 Murder Holes
33:42 Fortified Wall
36:27 Town Patrol
38:04 Ballistics
38:07 Masonry
38:18 Caravan
40:57 Imperial Age
40:23 Yeomen
40:22 Forging
40:03 Fletching
40:14 Padded Archer Armor
40:20 Scale Barding Armor
40:16 Scale Mail Armor
39:40 Light Cavalry
40:21 Husbandry
41:48 Iron Casting
40:37 Crossbowman
40:37 Elite Skirmisher
43:37 Two-Man Saw
43:11 Conscription
42:57 Warwolf
43:42 Arbalester
48:20 Bodkin Arrow
49:26 Blast Furnace
48:42 Leather Archer Armor
48:42 Chain Mail Armor
48:48 Chain Barding Armor
48:38 Cavalier
53:08 Elite Longbowman
55:24 Squires
55:11 Gambesons
54:47 Pikeman
55:13 Arson
57:12 Halberdier
68:38 Coinage
77:59 Bracer
79:40 Plate Mail Armor
Finagle
9:12 Loom
11:11 Feudal Age
11:57 Double-Bit Axe
11:55 Horse Collar
16:08 Man-at-Arms
20:45 Wheelbarrow
23:08 Castle Age
21:51 Forging
21:43 Scale Mail Armor
21:49 Scale Barding Armor
22:14 Gold Mining
22:14 Stone Mining
24:16 Bow Saw
25:11 Gold Shaft Mining
25:11 Stone Shaft Mining
24:56 Caravan
27:10 Stone Shaft Mining
30:38 Imperial Age
30:04 Hand Cart
30:22 Treadmill Crane
31:26 Arrowslits
32:43 Chemistry
34:30 Two-Man Saw
34:50 Iron Casting
34:51 Chain Mail Armor
36:40 Guilds
36:55 Pikeman
39:05 Halberdier
39:51 Squires
41:30 Plate Mail Armor
44:21 Elite Cataphract
45:28 Conscription
48:00 Chain Barding Armor
50:12 Hoardings
50:27 Plate Barding Armor
49:47 Man-at-Arms
50:13 Gambesons
56:05 Logistica
KEX
15:35 Feudal Age
16:52 Fishing Lines
17:00 Town Watch
18:02 Wheelbarrow
20:16 Double-Bit Axe
21:20 Stone Mining
21:20 Gold Mining
21:23 Horse Collar
21:55 Gold Mining
25:23 Castle Age
28:03 Town Patrol
28:18 Hand Cart
27:32 Man-at-Arms
27:58 Gambesons
28:13 Squires
27:59 Arson
28:21 Gillnets
29:39 Bow Saw
30:06 Gold Shaft Mining
29:34 Heavy Plow
29:32 Long Swordsman
31:42 Loom
32:18 Loom
39:05 Imperial Age
37:30 Caravan
38:00 Coinage
37:51 Masonry
37:23 Treadmill Crane
39:36 Ballistics
39:10 Elite Samurai
40:54 Chemistry
39:42 Arrowslits
41:01 Conscription
41:22 Hoardings
42:01 Forging
41:51 Scale Mail Armor
41:56 Scale Barding Armor
41:41 Fletching
41:51 Padded Archer Armor
41:41 Fletching
42:25 Banking
41:28 Two-Handed Swordsman
41:51 Light Cavalry
42:41 Bloodlines
43:34 Champion
44:34 Husbandry
44:00 Pikeman
49:34 Halberdier
55:59 Iron Casting
55:44 Chain Barding Armor
55:39 Chain Mail Armor
55:20 Bodkin Arrow
55:40 Leather Archer Armor
55:47 Yasama
60:39 Capped Ram
69:59 Blast Furnace
69:29 Plate Mail Armor
69:00 Bracer
69:30 Ring Archer Armor
Connection lost

Rejoining the realm…

Still unreachable

The connection could not be restored.

Session expired

The server has moved on; the page needs a fresh start.